 Dungeon Crawl Stone Soup version 0.21.1-1-g345015f (webtiles) character file.

51 suicidejoker the Sneak (level 3, -9/24 HPs)
             Began as an Octopode Assassin on Apr 13, 2018.
             Killed from afar by Sigmund (10 damage)
             ... with a puff of flame
             ... on level 2 of the Dungeon.
             The game lasted 00:01:44 (830 turns).

suicidejoker the Sneak (Octopode Assassin)           Turns: 830, Time: 00:01:45

Health: -9/24      AC:  1    Str: 11    XL:     3   Next: 81%
Magic:  3/3        EV: 13    Int: 13    God:
Gold:   51         SH:  0    Dex: 13    Spells: 2/2 levels left

rFire    . . .     SeeInvis .   i - +1 dagger (speed)
rCold    . . .     Gourm    .   (no shield)
rNeg     . . .     Faith    .   (helmet restricted)
rPois    .         Spirit   .   (no amulet)
rElec    .         Reflect  .   (no ring)
rCorr    .         Harm     .   (no ring)
MR       .....                  (no ring)
Stlth    +++++.....             (no ring)
HPRegen  0.08/turn              (no ring)
MPRegen  0.08/turn              (no ring)
                                (no ring)
                                (no ring)

@: no status effects
A: almost no armour, stealthy swim, amphibious, 8 rings, constrict 8, camouflage
1, gelatinous body 1
a: no special abilities


You were on level 2 of the Dungeon.
You were not hungry.

You visited 1 branch of the dungeon, and saw 2 of its levels.

You collected 51 gold pieces.

Inventory:

Hand Weapons
 a - a +2 dagger
 b - a +0 blowgun
 i - a +1 dagger of speed (weapon)
Missiles
 c - 39 poisoned needles
 d - 2 curare-tipped needles
Scrolls
 e - a scroll of identify
Potions
 g - a potion of flight
Comestibles
 f - 5 rations


   Skills:
 - Level 2.0 Fighting
 - Level 2.0 Short Blades
 - Level 2.0 Throwing
 - Level 1.0 Dodging
 + Level 7.4 Stealth


You had 2 spell levels left.
You didn't know any spells.

Dungeon Overview and Level Annotations

Branches:
Dungeon (2/15)

Altars:

Annotations:
D:2 Sigmund


Innate Abilities, Weirdness & Mutations

You cannot wear most types of armour.
You are very stealthy in the water. (Stealth+)
You are amphibious.
You can wear up to eight rings at the same time.
You can use your tentacles to constrict eight enemies at once.
Your skin changes colour to match your surroundings (Stealth+).
Your rubbery body absorbs attacks. (AC +1, EV +1)


Message History

Deactivating autopickup; reactivate with Ctrl-A.
The kobold throws a stone.
The stone hits you but does no damage.
You see here a stone.
You hit the kobold. You grab the kobold.
You kill the kobold!
Something hits you.
You aren't carrying any items that you can evoke.
Okay, then.
Okay, then.
You see here a stone.
You hear some strange, mumbled words.
Something tries to affect you, but you resist.
A puff of flame appears from out of thin air!
The puff of flame hits you!
A puff of flame appears from out of thin air!
The puff of flame hits you!
* * * LOW HITPOINT WARNING * * *
A puff of flame appears from out of thin air!
The puff of flame hits you!
You die...

.. #..............#.......#
#......).......#########
##......†...{...#
#...............# .
................# .
..............#.# .#
######..........########### .. #
######.##........#...## .(## .##
#@###.##.........# ...##..##
#.##..............
#.......########.....#.......†...
#...##.....#......##.#...........
##................##.##.........#
#.........#####..##†###...#...##
#.......#....##......##########
#.......# #..#.†....#
#.......#####..##.####


There were no monsters in sight!

Vanquished Creatures
  An adder (D:2)
  An ooze (D:2)
  2 worms (D:2)
  A leopard gecko (D:1)
  5 bats
  A giant cockroach (D:2)
  2 goblins (D:2)
  3 hobgoblins
  5 jackals (D:2)
  3 kobolds
  2 frilled lizards (D:1)
  4 rats
30 creatures vanquished.

Notes
Turn   | Place    | Note
-------+----------+-------------------------------------------
     0 | D:1      | suicidejoker the Octopode Assassin began the quest for the Orb.
     0 | D:1      | Reached XP level 1. HP: 14/14 MP: 1/1
     0 | D:1      | Noticed an orb of fire
     2 | D:1      | Noticed an ice dragon
     2 | D:1      | Noticed a shadow dragon
     7 | D:1      | Noticed a tentacled monstrosity
     9 | D:1      | Noticed an ice dragon
    11 | D:1      | Noticed a tentacled monstrosity
    14 | D:1      | Noticed a large abomination
    14 | D:1      | Noticed a shadow dragon
    18 | D:1      | Noticed a large abomination
    18 | D:1      | Noticed a tentacled monstrosity
    20 | D:1      | Noticed an ice dragon
    20 | D:1      | Noticed an ice dragon
    22 | D:1      | Noticed a golden dragon
   241 | D:1      | Reached XP level 2. HP: 19/19 MP: 2/2
   264 | D:1      | Reached skill level 6 in Stealth
   339 | D:1      | You fall through a shaft!
   382 | D:2      | Reached XP level 3. HP: 11/24 MP: 3/3
   629 | D:2      | Reached skill level 7 in Stealth
   810 | D:2      | Noticed Sigmund
   829 | D:2      | HP: 1/24 [something/puff of flame (7)]
   830 | D:2      | Killed from afar by Sigmund

Skill      XL: |  1  2  3 |
---------------+----------+-----
Stealth        | 6 7 |  7.4
Fighting       | |  2.0
Short Blades   | |  2.0
Throwing       | |  2.0
Dodging        | |  1.0

Action                   || total
-------------------------++-------
Melee: Dagger            ||    53
       Constrict         ||    13
       Tentacles         ||     4
  Use: Scroll            ||     2
 Stab: Sleeping          ||    15
Armor: Skin              ||     4
Dodge: Dodged            ||    24
